Match 47483703
Unlisted

Match 47483703
End
Selects Canadian Shock Battlegroup
Construct Section Command Post
Vickers Machine Gun Team
Infantry Section
Infantry Section
Grenade Package
ML 3-inch Mortar Team
Construct Field Infirmary
Construct Platoon Command Post
Selects Incendiary Munitions
Selects Attacking Spirit
Selects Canadian Shock Section
Canadian Shock Section
Canadian Shock Section
Infantry Training
Selects Pyrotechnics
Construct Company Command Post
Crusader II Medium Tank
AI Takeover
vadern117
JBossch
Sniffles213
hero12
wl_kaelthas
ronalfan
Unsafe
Jape_MF
0
0

Comments sign in to comment!

No comments posted yet!